 Dungeon Crawl Stone Soup version 0.25-a0-1071-g2607d5cfa1 (webtiles) character file.

Game seed: 5264605344146584573, levelgen mode: deterministic

880 Pixllover the Skirmisher (level 7, -6/94 HPs)
             Began as a Minotaur Berserker on May 14, 2020.
             Was a Priest of Trog.
             Mangled by a wight
             ... wielding a +0 halberd
              (10 damage)
             ... on level 6 of the Dungeon.
             The game lasted 00:13:12 (6003 turns).

Pixllover the Skirmisher (Minotaur Berserker)       Turns: 6003, Time: 00:13:13

Health: -6/94      AC:  5    Str: 24    XL:     7   Next: 75%
Magic:  6/6        EV: 11    Int:  4    God:    Trog [***...]
Gold:   335        SH:  2    Dex:  9    Spells: 6/6 levels left

rFire    x . .     SeeInvis .   h - +4 flail (vorpal)
rCold    + . .     Gourm    .   t - +0 buckler
rNeg     . . .     Faith    .   n - +2 robe of Vines {NoPotionHeal Regen+7}
rPois    .         Spirit   .   (helmet restricted)
rElec    .         Reflect  .   (no cloak)
rCorr    .         Harm     .   g - +0 pair of gloves
MR       .....                  (no boots)
Stlth    ..........             (no amulet)
HPRegen  3.05/turn              y - ring of ice
MPRegen  0.10/turn              (no ring)

@: berserking, heavily drained, very quick
A: retaliatory headbutt, horns 2
a: Berserk, Trog's Hand, Renounce Religion


You were on level 6 of the Dungeon.
You worshipped Trog.
Trog was most pleased with you.
You were hungry.

You visited 1 branch of the dungeon, and saw 6 of its levels.

You collected 335 gold pieces.

Inventory:

Hand Weapons
 a - a +0 hand axe
 h - a +4 vorpal flail (weapon)
 l - a +3 falchion
Missiles
 o - 29 poisoned darts (quivered)
Armour
 b - a +0 animal skin
 g - a +0 pair of gloves (worn)
 n - the +2 robe of Vines (worn) {NoPotionHeal Regen+7}
   (You found it on level 4 of the Dungeon)

   It increases your rate of regeneration.
 t - a +0 buckler (worn)
Jewellery
 y - a ring of ice (left hand)
Wands
 B - a wand of iceblast (2)
Scrolls
 d - a scroll of amnesia
 e - 4 scrolls of remove curse
 k - a scroll of immolation
 p - 3 scrolls of teleportation
 r - 2 scrolls of random uselessness
 u - a scroll of enchant armour
 w - 2 scrolls of enchant weapon
 A - a scroll of fear {unknown}
 C - a scroll of fog {unknown}
Potions
 f - a potion of ambrosia
 i - a potion of flight
 j - 2 potions of curing
 m - a potion of brilliance {unknown}
 q - a potion of heal wounds
 s - 2 potions of lignification {unknown}
 v - a potion of berserk rage
 z - a potion of magic {unknown}
Comestibles
 c - 10 rations
 x - a chunk of flesh


   Skills:
 + Level 6.0(3.1) Fighting
 + Level 4.7(1.9) Long Blades
 + Level 5.6(3.0) Axes
 + Level 2.2(1.5) Maces & Flails
 + Level 3.2(0.5) Armour
 + Level 4.5(1.7) Dodging
 + Level 2.4(0.0) Stealth
 + Level 0.1(0.0) Shields


You had 6 spell levels left.
You didn't know any spells.
Your spell library was empty.

Dungeon Overview and Level Annotations

Branches:
Dungeon (6/15)             Temple (0/1) D:4

Altars:
Cheibriados
Fedhas
Hepliaklqana
Makhleb
Okawaru
Trog
Yredelemnul
The Shining One


Innate Abilities, Weirdness & Mutations

You reflexively headbutt those who attack you in melee.
You have a pair of horns on your head.


Message History

You hit the wight. You headbutt the wight.
The wight is almost destroyed.
The wight hits you with a cursed +3 dire flail!
* * * LOW HITPOINT WARNING * * *
The wight hits you from afar with a +0 spear.
* * * LOW HITPOINT WARNING * * *
You feel drained.
* * * LOW HITPOINT WARNING * * *
The wight completely misses you.
You closely miss the wight. Your headbutt misses the wight.
The wight is almost destroyed.
The wight hits you from afar with a cursed +0 spear.
* * * LOW HITPOINT WARNING * * *
You feel drained. The wight completely misses you.
The wight hits you from afar with a +0 spear.
* * * LOW HITPOINT WARNING * * *
You closely miss the wight.
The wight is almost destroyed.
The wight hits you with a +0 halberd!
You die...

#############
###..zz@.......
.......z$.#####
#.##.z.!.......
#.####.##### #.
... # .... ##.#
... #.


You could see 4 wights.

Vanquished Creatures
  Edmund (D:4)
  2 ogres (D:4)
  A wight (D:6)
  2 jellies (D:5)
  5 orc wizards
  A bullfrog zombie (D:5)
  2 orc priests (D:5)
  Natasha (twice) (D:3)
  A worker ant (D:5)
  8 adders
  A shadow imp (D:5)
  An adder skeleton (D:4)
  2 worms
  2 dart slugs
  4 leopard geckos
  14 orcs
  2 bats (D:1)
  5 giant cockroaches
  5 goblins
  4 hobgoblins
  8 jackals
  4 kobolds
  4 quokkas
  2 ball pythons
  5 frilled lizards
  3 leopard gecko skeletons (D:4)
  A leopard gecko zombie (D:5)
  2 rats
94 creatures vanquished.

Notes
Turn   | Place    | Note
-------+----------+-------------------------------------------
     0 | D:1      | Pixllover the Minotaur Berserker began the quest for the
                  | Orb.
     0 | D:1      | Reached XP level 1. HP: 19/19 MP: 0/0
   327 | D:1      | Reached XP level 2. HP: 23/27 MP: 1/1
   394 | D:1      | Reached skill level 4 in Fighting
   675 | D:2      | Reached XP level 3. HP: 18/33 MP: 2/2
  1782 | D:3      | Reached XP level 4. HP: 26/40 MP: 3/3
  2046 | D:3      | Found a blossoming altar of Fedhas.
  2586 | D:3      | Noticed Natasha
  2590 | D:3      | Killed Natasha
  2598 | D:3      | Found a glowing golden altar of the Shining One.
  2600 | D:3      | Noticed an angel
  2607 | D:3      | Found a basalt altar of Yredelemnul.
  2609 | D:3      | Noticed a profane servitor
  2762 | D:3      | Noticed Natasha
  2769 | D:3      | Killed Natasha
  2769 | D:3      | Reached skill level 5 in Axes
  3186 | D:4      | Reached XP level 5. HP: 26/47 MP: 4/4
  3219 | D:4      | Noticed an ogre
  3225 | D:4      | HP: 2/47 [orc/+0 club (1)]
  3228 | D:4      | Killed an ogre
  3228 | D:4      | Reached skill level 1 in Long Blades
  3228 | D:4      | Reached skill level 1 in Stealth
  3242 | D:4      | Found the +2 robe of Vines {NoPotionHeal Regen+7}
  3260 | D:4      | Reached ** piety under Trog
  3422 | D:4      | Noticed an ogre
  3430 | D:4      | Killed an ogre
  3430 | D:4      | Reached skill level 5 in Fighting
  3430 | D:4      | Reached XP level 6. HP: 36/56 MP: 5/5
  3551 | D:4      | Found a bloodstained altar of Trog.
  4035 | D:4      | Found a staircase to the Ecumenical Temple.
  4071 | D:4      | You fall into a shaft and drop 1 floor!
  4071 | D:5      | Entered Level 5 of the Dungeon
  4383 | D:4      | Noticed Edmund
  4401 | D:4      | Killed Edmund
  4401 | D:4      | Reached XP level 7. HP: 8/61 MP: 6/6
  5362 | D:5      | Reached *** piety under Trog
  5362 | D:5      | Reached skill level 1 in Maces & Flails
  5798 | D:5      | Found a hazy altar of Hepliaklqana.
  5798 | D:5      | Found a burning altar of Makhleb.
  5798 | D:5      | Found a snail-covered altar of Cheibriados.
  5815 | D:5      | Reached skill level 6 in Fighting
  5933 | D:5      | Found an iron altar of Okawaru.
  6002 | D:6      | HP: 1/94 [wight/+0 spear (6)]
  6003 | D:6      | Mangled by a wight

Illustrated notes

Levels and vault maps discovered:
D:1:      dpeg_arrival_shelter, layout_rooms
D:2:      layout_loops_ring
D:3:      layout_basic, grunt_temple_overflow_holy_war, fedhas_altar_1,
          serial_corexii_hall, corexii_hall_statues_deadend,
          chequers_hall_statues_y, corexii_hall_statues_l,
          chequers_hall_statues_wall_a, chequers_big_river, uniq_natasha
D:4:      layout_layer_cave, kennysheep_mini_moat,
          minmay_temple_entry_enclosed_plants, first_ration, grunt_ministairs_5,
          uniq_edmund
D:5:      layout_gridville, gammafunk_temple_overflow_claw,
          kennysheep_okawaru_gauntlet
D:6:      layout_loops_ring, chequers_temple_overflow_statue_of_worship,
          nrook_mini_backslash, serial_park_tiny_2

Skill      XL: |  1  2  3  4  5  6  7 |
---------------+----------------------+-----
Fighting       | 4 5 6 |  6.0
Axes           | 4 5 |  5.6
Armour         | 3 |  3.2
Dodging        | 3 4 |  4.5
Long Blades    | 2 3 4 |  4.7
Stealth        | 1 2 |  2.4
Maces & Flails | 2 |  2.2
Shields        | |  0.1

Action                   |  1- 3 |  4- 6 |  7- 9 || total
-------------------------+-------+-------+-------++-------
Melee: Hand axe          |    48 |       |       ||    48
       Headbutt          |     8 |    11 |    16 ||    35
       Falchion          |    15 |    81 |     2 ||    98
       Flail             |       |       |    58 ||    58
Throw: Dart              |       |       |     2 ||     2
Invok: Berserk           |       |     1 |     1 ||     2
  Use: Potion            |     1 |     2 |       ||     3
       Scroll            |       |     9 |       ||     9
 Stab: Sleeping          |       |       |     2 ||     2
  Eat: Chunk             |     3 |     4 |     3 ||    10
       Ration            |       |     1 |     1 ||     2
Armor: Animal skin       |    15 |     2 |       ||    17
       Skin              |       |     2 |       ||     2
       Robe              |       |       |    19 ||    19
Dodge: Dodged            |    35 |    67 |    50 ||   152
Block: Buckler           |       |       |    14 ||    14
       Rpst.: Falchion   |     4 |    12 |     2 ||    18

Table legend:
 A = Non-vault XP
 B = Vault XP
 C = Vault XP percentage of total XP
 D = Non-vault monster count
 E = Vault monster count
 F = Vault count percentage of total count
                 A         B        C        D         E       F
            +---------+---------+-------+---------+---------+-------
      Total |    1038 |     220 |  17.5 |      89 |       5 |   5.3
            +---------+---------+-------+---------+---------+-------
        D:1 |      25 |       0 |   0.0 |      14 |       0 |   0.0
        D:2 |      62 |       0 |   0.0 |      13 |       0 |   0.0
        D:3 |      71 |      35 |  33.0 |      15 |       1 |   6.2
        D:4 |     404 |     181 |  30.9 |      25 |       2 |   7.4
        D:5 |     414 |       4 |   1.0 |      21 |       2 |   8.7
        D:6 |      62 |       0 |   0.0 |       1 |       0 |   0.0
            +---------+---------+-------+---------+---------+-------
